 Dungeon Crawl Stone Soup version 0.21.0-24-g2553a33 (webtiles) character file.

27 Monsterracer the Ruffian (level 3, 0/21 HPs)
             Began as a Gargoyle Transmuter on Jan 19, 2018.
             Killed from afar by an orc wizard (7 damage)
             ... with a magic dart
             ... on level 2 of the Dungeon.
             The game lasted 00:01:24 (1043 turns).

Monsterracer the Ruffian (Gargoyle Transmuter)      Turns: 1043, Time: 00:01:25

Health: 0/21       AC:  6    Str: 14    XL:     3   Next: 10%
Magic:  3/6        EV: 12    Int: 13    God:
Gold:   22         SH:  0    Dex: 10    Spells: 3/6 levels left

rFire    . . .     SeeInvis .   a - +0 hand axe
rCold    . . .     Gourm    .   (no shield)
rNeg     + . .     Faith    .   b - +0 robe
rPois    ∞         Spirit   .   (no helmet)
rElec    +         Reflect  .   (no cloak)
rCorr    .         Harm     +   g - +0 pair of gloves
MR       .....                  (no boots)
Stlth    +.........             h - amulet of harm
HPRegen  0.07/turn              (no ring)
MPRegen  0.10/turn              (no ring)

@: slowed, very slow
A: negative energy resistance 1, electricity resistance, unbreathing,
petrification resistance, rot immunity, AC +3
a: no special abilities


You were on level 2 of the Dungeon.
You were hungry.

You visited 1 branch of the dungeon, and saw 2 of its levels.

You collected 22 gold pieces.

Inventory:

Hand Weapons
 a - a +0 hand axe (weapon)
Missiles
 n - 35 arrows
Armour
 b - a +0 robe (worn)
 g - a +0 pair of gloves (worn)
Jewellery
 h - an amulet of harm (around neck)
Scrolls
 f - 4 scrolls of identify {unknown}
 m - a scroll of amnesia {unknown}
Potions
 e - a potion of degeneration {unknown}
 i - a potion of heal wounds {unknown}
 j - a potion of might {unknown}
 k - a potion of brilliance {unknown}
 l - a potion of resistance {unknown}
Books
 d - a book of Changes

   Spells                             Type                      Level
   a - Beastly Appendage              Transmutation                1
   b - Sticks to Snakes               Transmutation                2
   c - Spider Form                    Transmutation/Poison         3
   d - Ice Form                       Ice/Transmutation            4
   e - Blade Hands                    Transmutation                5
Comestibles
 c - 4 rations


   Skills:
 - Level 2.1 Fighting
 + Level 1.4(1.6) Axes
   Level 0.6(1.3) Maces & Flails
 - Level 1.5 Dodging
 - Level 3.0 Unarmed Combat
 - Level 2.0 Spellcasting
 - Level 1.5 Transmutations


You had 3 spell levels left.
You knew the following spells:

 Your Spells              Type           Power        Failure   Level  Hunger
a - Beastly Appendage     Tmut           #.....       14%         1    ##.....
b - Sticks to Snakes      Tmut           #.......     21%         2    ###....


Dungeon Overview and Level Annotations

Branches:
Dungeon (2/15)

Altars:


Innate Abilities, Weirdness & Mutations

You are resistant to torment.
Your stone body is resilient. (AC +3)
You are immune to poison.
You resist negative energy. (rN+)
You are resistant to electric shocks. (rElec)
You can survive without breathing.
You are immune to petrification.
You are immune to rotting.


Message History

2 orcs and an orc wizard come into view.
An orc is wielding a trident of freezing.
The orc wizard shouts!
The orc shouts! x2
Found a stone staircase leading down.
There is a stone staircase leading up here.
Drop what? 14/52 slots (_ for help) (? for menu, Esc to quit)
Okay, then.
You closely miss the orc wizard. You hit the orc.
The orc hits you but does no damage.
The orc wizard gestures wildly while chanting.
The orc wizard seems to speed up.
You hit the orc.
You kill the orc!
You have reached level 3!
Your experience leads to an increase in your attributes!
Increase (S)trength, (I)ntelligence, or (D)exterity?
You feel stronger.
You closely miss the orc wizard. The orc wizard completely misses you.
The orc barely misses you.
The orc wizard points at you and mumbles some strange words.
The magic dart hits you!
Health restored: 21; MP restored: 6 The orc wizard completely misses you.
The orc hits you with a trident of freezing.
The orc freezes you.
Things that are here:
a dagger; an orc corpse You take 2 damage, and have 19/21 hp.
You slash the orc!
You kill the orc!
You barely miss the orc wizard.
The orc wizard gestures at you while chanting.
The magic dart hits you! The orc wizard hits you with a dagger.
You take 3 damage, and have 16/21 hp.
You closely miss the orc wizard.
The orc wizard hits you but does no damage. x2
You hit the orc wizard.
The orc wizard is lightly wounded.
The orc wizard hits you with a dagger.
The orc wizard hits you but does no damage.
You take 1 damage, and have 15/21 hp.
You closely miss the orc wizard.
The orc wizard is lightly wounded.
The orc wizard hits you but does no damage. x2
You hit the orc wizard but do no damage.
The orc wizard is lightly wounded.
The orc wizard casts a spell at you. The magic dart hits you!
The orc wizard hits you but does no damage.
You take 4 damage, and have 11/21 hp.
You closely miss the orc wizard.
The orc wizard is lightly wounded.
The orc wizard closely misses you.
You barely miss the orc wizard.
The orc wizard is lightly wounded.
The orc wizard closely misses you.
The orc wizard points at you and mumbles some strange words.
The magic dart hits you!
You take 1 damage, and have 11/21 hp.
You closely miss the orc wizard.
The orc wizard is lightly wounded.
The orc wizard hits you but does no damage.
The orc wizard points at you and mumbles some strange words.
You feel yourself slow down.
Casting: Beastly Appendage
Confirm with . or Enter, or press ? or * to list all spells.
You create a snake!
You now have 36 arrows.
You are feeling hungry.
The orc wizard mumbles some strange words.
The orc wizard blinks!
You now have 4/6 mp.
Your ball python bites the orc wizard but does no damage.
Your ball python barely misses the orc wizard.
You closely miss the orc wizard.
The orc wizard is lightly wounded.
The orc wizard hits you but does no damage.
Your ball python misses the orc wizard.
Your ball python barely misses the orc wizard.
The orc wizard casts a spell.
The orc wizard blinks!
You swap places.
The orc wizard hits your ball python with a dagger. x2
Your ball python dies!
Things that are here:
a trident of freezing; an orc corpse You hit the orc wizard.
The orc wizard is lightly wounded.
The orc wizard hits you with a dagger.
* * * LOW HITPOINT WARNING * * *
The orc wizard hits you but does no damage.
The orc wizard hits you with a dagger.
* * * LOW HITPOINT WARNING * * *
You take 4 damage, and have 7/21 hp.
Casting: Sticks to Snakes
Confirm with . or Enter, or press ? or * to list all spells.
You create a snake!
You now have 35 arrows.
The orc wizard hits you but does no damage.
The orc wizard casts a spell at you. The magic dart hits you!
You die...

. .## .#.. #.
##... #. ..#.#
#..##.#.# #
#..#....# #
#.#.......##.#
.......@.S...#
####...o..####
#.#...## #
#..<#
......#>#
#####...#
##.## #. #.


You could see an orc wizard and a friendly adder.

Vanquished Creatures
  An ooze (D:1)
  A dart slug (D:1)
  A leopard gecko (D:1)
  2 orcs (D:2)
  A ball python (D:1)
  A giant cockroach (D:1)
  A hobgoblin (D:1)
  2 jackals (D:1)
  2 bats (D:1)
  3 goblins (D:1)
  A kobold (D:1)
  A rat (D:1)
17 creatures vanquished.

Notes
Turn   | Place    | Note
-------+----------+-------------------------------------------
     0 | D:1      | Monsterracer the Gargoyle Transmuter began the quest for the Orb.
     0 | D:1      | Reached XP level 1. HP: 12/12 MP: 3/3
   175 | D:1      | Reached XP level 2. HP: 12/17 MP: 5/5
   586 | D:1      | HP: 7/17 [hobgoblin/club (6)]
   603 | D:1      | Learned a level 2 spell: Sticks to Snakes
   629 | D:1      | Reached skill level 1 in Axes
  1028 | D:2      | Reached XP level 3. HP: 21/21 MP: 6/6
  1042 | D:2      | HP: 8/21 [orc wizard/dagger (3)]
  1043 | D:2      | Killed from afar by an orc wizard

Skill      XL: |  1  2 |
---------------+-------+-----
Fighting       | 2 |  2.1
Axes           | 1 |  1.4
Maces & Flails | |  0.6
Dodging        | |  1.5
Unarmed Combat | |  3.0
Spellcasting   | |  2.0
Transmutations | |  1.5

Action                   || total
-------------------------++-------
Melee: Unarmed           ||    43
       Hand axe          ||    21
       Headbutt          ||     1
 Cast: Beastly Appendage ||     1
       Sticks to Snakes  ||     2
 Stab: Sleeping          ||     1
Armor: Robe              ||    25
Dodge: Dodged            ||    28

Vault maps used:
D:1:      doesnt_arrival_eight_statues
D:2:      chequers_temple_overflow_statue_of_worship, marbit_many_paths,
          first_ration, minmay_statues_item, uniq_jessica
